 Dungeon Crawl Stone Soup version 0.26.0-10-g1f06aea511 (webtiles) character file.

Game seed: 788011331387423082

502 Amaterasu the Charlatan (level 6, 0/51 HPs)
             Began as a Draconian Artificer on Jan 25, 2021.
             Succumbed to a scorpion's poison
             ... on level 4 of the Dungeon.
             The game lasted 00:07:49 (3189 turns).

Amaterasu the Charlatan (Draconian Artificer)       Turns: 3189, Time: 00:07:49

Health: 0/51       AC:  7    Str: 12 (15) XL:     6   Next: 95%
Magic:  6/6        EV: 13    Int: 11 (13) God:
Gold:   116        SH:  0    Dex:  9 (11) Spells: 5/5 levels left

rFire    . . .     SeeInvis .   h - +0 whip
rCold    . . .     Faith    .   (no shield)
rNeg     . . .     Spirit   .   (armour unavailable)
rPois    .         Reflect  .   (helmet restricted)
rElec    .         Harm     .   (no cloak)
rCorr    .         Rampage  .   (no gloves)
Will     .....                  f - +0 pair of boots
Stlth    +.........             (no amulet)
HPRegen  0.17/turn              (no ring)
MPRegen  0.10/turn              (no ring)

@: lethally poisoned (0 -> -26), very slightly contaminated, invisible
A: unfitting armour, cold-blooded, AC +6
a: no special abilities


You were on level 4 of the Dungeon.
You visited 1 branch of the dungeon, and saw 4 of its levels.

You collected 116 gold pieces.

Inventory:

Hand Weapons
 h - a +0 whip (weapon)
Armour
 f - a +0 pair of boots (worn)
Wands
 c - a wand of enslavement (15)
 d - a wand of random effects (2)
Scrolls
 a - a scroll of fog
 i - a scroll of teleportation
Potions
 b - a potion of haste
 g - a potion of ambrosia
 k - a potion of magic


   Skills:
 * Level 3.3 Fighting
 - Level 4.0 Maces & Flails
 - Level 4.0 Dodging
 - Level 0.8 Stealth
 * Level 4.6 Evocations


You had 5 spell levels left.
You didn't know any spells.
Your spell library was empty.

Dungeon Overview and Level Annotations

Branches:
Dungeon (4/15)
 Temple: D:4-7

Altars:
Cheibriados
Fedhas
Kikubaaqudgha
Qazlal


Innate Abilities, Weirdness & Mutations

Your plain brown scales are hard. (AC +6)
You cannot fit into any form of body armour.
You are cold-blooded and may be slowed by cold attacks.


Message History

Your life force feels restored.
Training target 4.0 for Dodging reached!
Your Fighting skill increases to level 3!
Your Dodging skill increases to level 4!
Unknown command.
You are confused.
You feel invigorated.
* * * LOW HITPOINT WARNING * * *
You feel very sick.
You bump into the rock wall.
* * * LOW HITPOINT WARNING * * *
You feel very sick.
You bump into the rock wall.
You feel less invigorated.
You feel less confused.
* * * LOW HITPOINT WARNING * * *
You feel very sick.
* * * LOW HITPOINT WARNING * * *
You feel very sick.
Items here: ) / [[ ††.
You die...

....# .# .
...#..# #
..####..#..#.##
..............
........#..####
#..<.<.....
#.#.#..####
#.#.# ....
#..@# ####
###)# #.# ###


There were no monsters in sight!

Vanquished Creatures
  Sigmund (D:3)
  Blork the orc (D:4)
  A scorpion (D:4)
  An orc wizard (D:3)
  Ijyb (D:4)
  Robin (D:2)
  4 gnolls (D:3)
  4 adders
  An ooze (D:2)
  2 dart slugs
  5 leopard geckos
  2 orcs (D:3)
  A ball python (D:2)
  2 bats
  4 giant cockroaches
  16 goblins
  12 hobgoblins
  5 jackals
  5 kobolds
  5 frilled lizards (D:1)
  8 rats
  2 toadstools (D:1)
84 creatures vanquished.

Vanquished Creatures (others)
  27 plants (D:1)
  2 toadstools (D:1)
29 creatures vanquished.

Grand Total: 113 creatures vanquished

Notes
Turn   | Place    | Note
-------+----------+-------------------------------------------
     0 | D:1      | Amaterasu the Draconian Artificer began the quest for the
                  | Orb.
     0 | D:1      | Reached XP level 1. HP: 16/16 MP: 1/1
    85 | D:1      | Reached XP level 2. HP: 23/23 MP: 2/2
   558 | D:1      | Reached XP level 3. HP: 24/28 MP: 3/3
   892 | D:2      | Found a blossoming altar of Fedhas.
   907 | D:2      | Reached skill level 1 in Maces & Flails
   947 | D:2      | Noticed Robin
   965 | D:2      | Reached XP level 4. HP: 14/35 MP: 4/4
   967 | D:2      | Killed Robin
  1773 | D:3      | Noticed Sigmund
  2132 | D:3      | Reached XP level 5. HP: 41/41 MP: 5/5
  2272 | D:3      | Killed Sigmund
  2273 | D:3      | Reached XP level 6. HP: 41/50 MP: 6/6
  2745 | D:3      | Found a snail-covered altar of Cheibriados.
  2745 | D:3      | Found a stormy altar of Qazlal.
  2746 | D:3      | Found an ancient bone altar of Kikubaaqudgha.
  3099 | D:4      | Noticed Blork the orc
  3105 | D:4      | Noticed Ijyb
  3126 | D:4      | Paralysed by Ijyb for 4 turns
  3137 | D:4      | Paralysed by Ijyb for 2 turns
  3141 | D:4      | Killed Ijyb
  3155 | D:4      | Killed Blork the orc
  3188 | D:4      | HP: 2/51 [poisoned by a scorpion]
  3189 | D:4      | Succumbed to a scorpion's poison

Illustrated notes

Levels and vault maps discovered:
D:1:      ldierk_water_garden, layout_rooms, serial_bayou_lagoon_a,
          minmay_misc_feat_more_columns
D:2:      layout_loops_ring, fedhas_altar_1, serial_glass, glass_columns_a,
          glass_columns_b, glass_columns_a, glass_columns_a, glass_columns_c,
          chequers_serial_rivers_small_3, corexii_leaking_fountain, uniq_robin
D:3:      layout_basic, chequers_temple_overflow_statue_of_worship, uniq_sigmund
D:4:      layout_basic, lightli_sewer_entry_pipes, minmay_misc_feat_rows,
          uniq_ijyb, uniq_blork_the_orc, uniq_eustachio

Skill      XL: |  1  2  3  4  5  6 |
---------------+-------------------+-----
Maces & Flails | 1 2 3 4 |  4.0
Evocations     | 4 |  4.6
Dodging        | 3 4 |  4.0
Fighting       | 2 3 |  3.3
Stealth        | |  0.8

Action                   |  1- 3 |  4- 6 || total
-------------------------+-------+-------++-------
Melee: Club              |    92 |       ||    92
       Tailslap          |     9 |    23 ||    32
       Whip              |    21 |   251 ||   272
Evoke: Wand              |    18 |    10 ||    28
  Use: Scroll            |     3 |     6 ||     9
       Potion            |       |     5 ||     5
 Stab: Sleeping          |     1 |     1 ||     2
       Distracted        |     1 |       ||     1
       Invisible         |       |     1 ||     1
Armor: Skin              |    49 |    71 ||   120
Dodge: Dodged            |    95 |   144 ||   239
